 Dungeon Crawl Stone Soup version 0.30-a0-121-gb27577e5d9 (webtiles) character file.

Game seed: 11495511296921383160

65 ragingrage the Twirler (level 4, 0/32 HPs)
             Began as a Gnoll Wanderer on Sept 14, 2022.
             Killed by nerve-wracking pain
             ... invoked by a shadow imp
             ... summoned by Natasha
              (14 damage)
             ... on level 2 of the Dungeon.
             The game lasted 00:01:15 (1361 turns).

ragingrage the Twirler (Gnoll Wanderer)             Turns: 1361, Time: 00:01:16

Health: 0/32       AC:  7    Str: 13    XL:     4   Next: 13%
Magic:  11/11      EV:  9    Int: 10    God:
Gold:   145        SH:  0    Dex: 13    Spells: 11/13 levels left

rFire   . . .      SeeInvis .    a - +2 quarterstaff
rCold   . . .      Faith    .    (shield currently unavailable)
rNeg    . . .      Spirit   .    b - +0 scale mail
rPois   .          Reflect  .    (no helmet)
rElec   .          Harm     .    (no cloak)
rCorr   .          Rampage  .    (no gloves)
Will    .....                    o - +0 pair of boots
Stlth   +.........               (no amulet)
HPRegen 0.10/turn                (no ring)
MPRegen 0.12/turn                (no ring)

@: slowed, very slow
A: fangs 1, strong nose, distributed training
a: no special abilities


You were on level 2 of the Dungeon.
You visited 1 branch of the dungeon, and saw 2 of its levels.

You collected 145 gold pieces.

Inventory:

Hand Weapons
 a - a +2 quarterstaff (weapon)
Missiles
 e - 2 poisoned darts
 f - 2 boomerangs
Armour
 b - a +0 scale mail (worn)
 g - a +0 chain mail of positive energy
 o - a +0 pair of boots (worn)
Wands
 q - a wand of acid (13)
Scrolls
 d - 3 scrolls of identify {unknown}
 h - a scroll of fear {unknown}
 j - 2 scrolls of teleportation {unknown}
 n - a scroll of poison {unknown}
 r - a scroll of amnesia {unknown}
Potions
 c - a potion of curing
 i - a potion of magic {unknown}
 k - a potion of might
 l - a potion of attraction {unknown}
 m - a potion of resistance {unknown}
 p - a potion of cancellation {unknown}
 s - a potion of invisibility {unknown}
 t - a potion of mutation {unknown}


   Skills:
 + Level 1.1 Fighting
 + Level 1.1 Short Blades
 + Level 1.1 Long Blades
 + Level 1.1 Axes
 + Level 1.1 Maces & Flails
 + Level 1.1 Polearms
 + Level 6.6 Staves
 + Level 1.1 Ranged Weapons
 + Level 1.1 Throwing
 + Level 2.7 Armour
 + Level 1.1 Dodging
 + Level 4.2 Stealth
 + Level 1.1 Shields
 + Level 1.1 Unarmed Combat
 + Level 5.0 Spellcasting
 + Level 0.8 Conjurations
 + Level 3.8 Hexes
 + Level 0.8 Summonings
 + Level 0.8 Necromancy
 + Level 0.8 Translocations
 + Level 0.8 Transmutations
 + Level 0.8 Fire Magic
 + Level 0.8 Ice Magic
 + Level 0.8 Air Magic
 + Level 0.8 Earth Magic
 + Level 0.8 Poison Magic
 + Level 1.2 Invocations
 + Level 1.1 Evocations


You had 11 spell levels left.
You knew the following spells:

 Your Spells              Type           Power      Damage    Failure   Level
a - Slow                  Hex            40%        N/A       22%         1
b - Necrotise             Necr           16%        1d4       58%         1

Your spell library contained the following spells:

 Spells                   Type           Power      Damage    Failure   Level
 Confusing Touch          Hex            10%        N/A       54%         3
 Dazzling Flash           Conj/Hex       14%        N/A       75%         3
 Vampiric Draining        Necr           4%         2d6       91%         3
 Iskenderun's Mystic Bla  Conj/Tloc      4%         2d3       100%        4
 Agony                    Necr           4%         N/A       100%        5
 Starburst                Conj/Fire      2%         6d3       100%        6


Dungeon Overview and Level Annotations

Branches:
Dungeon (2/15)

Altars:

Annotations:
D:2 Natasha


Innate Abilities, Weirdness & Mutations

You have very sharp teeth.
Your uncanny sense of smell can sniff out nearby items.
Your experience applies equally to all skills.


Message History

You barely miss the worm.
The worm is heavily wounded.
The worm bites you!
You hit the worm.
The worm is severely wounded.
Natasha mumbles some strange words.
You thump the worm!
You kill the worm!
Natasha casts a spell at you.
The magic dart hits you but does no damage.
Natasha barely misses you. The shadow imp hits you.
You are too injured to fight recklessly!
You are too injured to fight recklessly!
You are too injured to fight recklessly!
You are too injured to fight recklessly!
You are too injured to fight recklessly!
You are too injured to fight recklessly!
You are too injured to fight recklessly!
You are too injured to fight recklessly!
You are too injured to fight recklessly!
You are too injured to fight recklessly!
You are too injured to fight recklessly!
You are too injured to fight recklessly!
You are too injured to fight recklessly!
You are too injured to fight recklessly!
You are too injured to fight recklessly!
You are too injured to fight recklessly!
You are too injured to fight recklessly!
You are too injured to fight recklessly!
You are too injured to fight recklessly!
You barely miss Natasha.
The shadow imp hits you but does no damage.
Natasha stares at you and mumbles some strange words.
You feel yourself slow down. The shadow imp closely misses you.
Natasha attacks as you move away! Natasha claws you!
The shadow imp attacks as you move away!
The shadow imp hits you but does no damage.
The shadow imp gestures at you. Pain shoots through your body!
You die...

###.........#########
# ..............†.....
#.##.............#####
..<....<........# .
#.............# ..#
#.............#
....###........######
#.....
...............# #....
...>....@......# #....
.......h55###### #...
..........# ...
∆........$.# #.#
..........# .##.###
..........#
......##..........#
)##.#..############
.##.##.###


You could see Natasha (empowered) and 2 shadow imps.

Vanquished Creatures
  An orc wizard (D:2)
  2 worms (D:2)
  3 orcs (D:2)
  2 bats
  4 endoplasms (D:1)
  2 goblins
  3 hobgoblins
  A kobold (D:2)
  A quokka (D:2)
  3 ball pythons
  3 frilled lizards
  5 rats
30 creatures vanquished.

Notes
Turn   | Place    | Note
-------+----------+-------------------------------------------
     0 | D:1      | ragingrage the Gnoll Wanderer began the quest for the Orb.
     0 | D:1      | ragingrage set off with the following items: a +2
                  | quarterstaff, a +0 scale mail, a potion of curing; and the
                  | following spell memorised: Slow; and the following spells
                  | available to memorise: Confusing Touch.
     0 | D:1      | Reached XP level 1. HP: 13/13 MP: 6/6
    51 | D:1      | Reached XP level 2. HP: 16/19 MP: 7/7
   423 | D:1      | Learned a level 1 spell: Necrotise
   797 | D:2      | Found a faded altar of an unknown god.
  1009 | D:2      | Reached skill level 5 in Spellcasting
  1009 | D:2      | Reached XP level 3. HP: 25/25 MP: 7/9
  1088 | D:2      | Reached skill level 1 in Invocations
  1099 | D:2      | Reached skill level 1 in Fighting
  1099 | D:2      | Reached skill level 1 in Short Blades
  1099 | D:2      | Reached skill level 1 in Long Blades
  1099 | D:2      | Reached skill level 1 in Axes
  1099 | D:2      | Reached skill level 1 in Maces & Flails
  1099 | D:2      | Reached skill level 1 in Polearms
  1099 | D:2      | Reached skill level 1 in Ranged Weapons
  1099 | D:2      | Reached skill level 1 in Throwing
  1099 | D:2      | Reached skill level 1 in Dodging
  1099 | D:2      | Reached skill level 1 in Shields
  1099 | D:2      | Reached skill level 1 in Unarmed Combat
  1099 | D:2      | Reached skill level 1 in Evocations
  1099 | D:2      | Reached XP level 4. HP: 21/32 MP: 11/11
  1352 | D:2      | Noticed Natasha
  1361 | D:2      | Killed from afar by a shadow imp

Illustrated notes

Levels and vault maps discovered:
D:1:      wander_arrival_lonely_grave, layout_rooms, serial_curves,
          eino_curves_04, eino_curves_04, minmay_tiny_reverse_x
D:2:      layout_basic, basic_ecumenical_altar, chequers_serial_rivers_small_a,
          uniq_natasha

Skill      XL: |  1  2  3 |
---------------+----------+-----
Spellcasting   | 5 |  5.0
Invocations    | 1 |  1.2
Fighting       | 1 |  1.1
Short Blades   | 1 |  1.1
Long Blades    | 1 |  1.1
Axes           | 1 |  1.1
Maces & Flails | 1 |  1.1
Polearms       | 1 |  1.1
Ranged Weapons | 1 |  1.1
Throwing       | 1 |  1.1
Dodging        | 1 |  1.1
Shields        | 1 |  1.1
Unarmed Combat | 1 |  1.1
Evocations     | 1 |  1.1
Staves         | |  6.6
Armour         | |  2.7
Stealth        | |  4.2
Conjurations   | |  0.8
Hexes          | |  3.8
Summonings     | |  0.8
Necromancy     | |  0.8
Translocations | |  0.8
Transmutations | |  0.8
Fire Magic     | |  0.8
Ice Magic      | |  0.8
Air Magic      | |  0.8
Earth Magic    | |  0.8
Poison Magic   | |  0.8

Action                   |  1- 3 |  4- 6 || total
-------------------------+-------+-------++-------
Melee: Quarterstaff      |    70 |    10 ||    80
       Bite              |     3 |       ||     3
 Stab: Sleeping          |     1 |       ||     1
Armor: Scale mail        |    27 |     3 ||    30
Dodge: Dodged            |    23 |     5 ||    28

Table legend: (Time is in decaauts)
 A = Elapsed time spent in this place.
 B = Non-inter-level travel time spent in this place.
 C = Inter-level travel time spent in this place.
 D = Time resting spent in this place.
 E = Time spent auto-exploring this place.
 F = Levels seen in this place.
 G = Mean time per level.
                   A        B        C        D        E       F      G
               +--------+--------+--------+--------+--------+-----+--------+
         Total |   1359 |   1312 |     47 |    190 |    899 |   2 |  679.5 |
       Dungeon |   1359 |   1312 |     47 |    190 |    899 |   2 |  679.5 |
               +--------+--------+--------+--------+--------+-----+--------+

Top non-repeatable levels by time:
     D:1: 780 daAuts
     D:2: 579 daAuts
